 Dungeon Crawl Stone Soup version 0.24.0-37-gcf1ca852f1 (webtiles) character file.

Game seed: 16056329859927983436, levelgen mode: deterministic

67 Cryoshakespeare the Scratcher (level 4, 21/21 HPs)
             Began as a Felid Fighter on Nov 21, 2019.
             Quit the game on level 3 of the Dungeon.
             The game lasted 00:05:17 (2573 turns).

Cryoshakespeare the Scratcher (Felid Fighter)       Turns: 2573, Time: 00:05:17

Health: 21/21      AC:  1    Str: 12    XL:     4   Next: 0%
Magic:  5/5        EV: 20    Int: 10    God:
Gold:   88         SH:  0    Dex: 16    Spells: 3/3 levels left
                                        Lives:  0   Deaths: 1

rFire    . . .     SeeInvis +     - Unarmed
rCold    . . .     Gourm    .   (shield unavailable)
rNeg     . . .     Faith    .   (armour unavailable)
rPois    .         Spirit   .   (helmet unavailable)
rElec    .         Reflect  .   (cloak unavailable)
rCorr    .         Harm     .   (gloves unavailable)
MR       .....                  (boots unavailable)
Stlth    +++.......             (no amulet)
HPRegen  0.07/turn              (no ring)
MPRegen  0.09/turn              (no ring)

@: quick
A: very small, no armour, no weapons or thrown items, stealth, claws 1, fangs 3,
see invisible, carnivore, speed 1, shaggy fur 1, slow metabolism 1, sharp paws
a: no special abilities


You were on level 3 of the Dungeon.
You were not hungry.

You visited 1 branch of the dungeon, and saw 3 of its levels.

You collected 88 gold pieces.

Inventory:

Jewellery
 o - an uncursed ring of fire
Scrolls
 d - 3 scrolls of enchant weapon {unknown}
 f - 4 scrolls of identify {unknown}
 k - a scroll of teleportation {unknown}
 m - a scroll of blinking {unknown}
 n - a scroll of random uselessness {unknown}
 r - 2 scrolls of remove curse {unknown}
Potions
 a - a potion of might
 c - 2 potions of curing {unknown}
 e - 2 potions of heal wounds {unknown}
 g - 2 potions of lignification {unknown}
 h - a potion of haste {unknown}
 i - a potion of brilliance {unknown}
 j - a potion of resistance {unknown}
 p - a potion of flight {unknown}
 q - a potion of agility {unknown}
Comestibles
 b - 3 rations
 l - 3 chunks of flesh


   Skills:
 - Level 3.0 Fighting
 + Level 4.6 Dodging
 * Level 3.3 Stealth
 + Level 5.5 Unarmed Combat


You had 3 spell levels left.
You didn't know any spells.
Your spell library was empty.

Dungeon Overview and Level Annotations

Branches:
Dungeon (3/15)

Altars:

Annotations:
D:3 Grinder


Innate Abilities, Weirdness & Mutations

You cannot wear armour.
You are incapable of wielding weapons or throwing items.
Your paws allow you to move quietly. (Stealth)
You have sharp claws.
You have razor-sharp teeth.
You have supernaturally acute eyesight. (SInv)
You are carnivorous and can eat meat at any time.
You cover ground quickly.
You are covered in fur. (AC +1)
You have a slow metabolism.
Your sharp claws are effective at attacking unaware monsters.


Message History

Grinder completely misses you.
You claw Grinder!
Grinder is moderately wounded.
The bat hits you.
* * * LOW HITPOINT WARNING * * *
Grinder completely misses you.
You claw Grinder! Your claw misses Grinder.
Grinder is severely wounded.
The bat misses you. Grinder completely misses you.
You barely miss Grinder. Your bite misses Grinder.
Grinder is severely wounded.
The bat misses you. Grinder gestures at you. Pain shoots through your body!
You die...
You are now level 4!
You rejoin the land of the living...
Found 6 gold pieces and a potion of might.
Found a stone staircase leading down.
Are you sure you want to abandon this character and quit the game? (Confirm with "yes".)

#.#########
#....!....#
#.....$...#
#..>......#
..........#
#.........#
#.........#
#......@..#
#.........#
###########


There were no monsters in sight!

Vanquished Creatures
  Jessica (D:3)
  Robin (D:2)
  3 adders
  A worm (D:1)
  A dart slug (D:1)
  A leopard gecko (D:3)
  An orc (D:3)
  6 bats
  4 giant cockroaches
  14 goblins
  9 hobgoblins
  5 jackals (D:1)
  2 quokkas (D:3)
  A ball python (D:2)
  2 frilled lizards
  4 kobolds
  6 rats
62 creatures vanquished.

Notes
Turn   | Place    | Note
-------+----------+-------------------------------------------
     0 | D:1      | Cryoshakespeare the Felid Fighter began the quest for the
                  | Orb.
     0 | D:1      | Reached XP level 1. HP: 10/10 MP: 2/2
   234 | D:1      | Reached skill level 1 in Stealth
   234 | D:1      | Reached XP level 2. HP: 12/14 MP: 3/3
  1045 | D:2      | Reached XP level 3. HP: 17/17 MP: 4/4
  1062 | D:2      | Noticed Robin
  1778 | D:2      | Killed Robin
  1778 | D:2      | Reached skill level 5 in Unarmed Combat
  1778 | D:2      | Reached XP level 4. HP: 17/21 MP: 5/5
  2425 | D:3      | Found a faded altar of an unknown god.
  2441 | D:3      | Noticed Jessica
  2449 | D:3      | Killed Jessica
  2452 | D:3      | Reached XP level 5. HP: 13/24 MP: 6/6
  2561 | D:3      | Noticed Grinder
  2572 | D:3      | Killed from afar by Grinder
  2573 | D:3      | Reached XP level 4. HP: -4/21 MP: 5/5
  2573 | D:3      | Quit the game

Levels and vault maps discovered:
D:1:      mrwooster_arrival_statue_3, layout_basic
D:2:      layout_rooms, first_ration, uniq_robin
D:3:      layout_rooms, chequers_ecumenical_altar_island, dk_yredelemnul_ordeal,
          uniq_jessica, uniq_grinder

Skill      XL: |  1  2  3  4 |
---------------+-------------+-----
Stealth        | 1 2 3 |  3.3
Unarmed Combat | 5 |  5.5
Fighting       | |  3.0
Dodging        | |  4.6

Action                   |  1- 3 |  4- 6 || total
-------------------------+-------+-------++-------
Melee: Unarmed           |   120 |    46 ||   166
       Punch             |     4 |     1 ||     5
       Bite              |     9 |     1 ||    10
  Use: Potion            |       |     1 ||     1
 Stab: Sleeping          |     2 |     2 ||     4
  Eat: Chunk             |     9 |     2 ||    11
Armor: Skin              |     5 |     2 ||     7
Dodge: Dodged            |    99 |    29 ||   128
